 Dungeon Crawl Stone Soup version 0.22-a0-533-g4d20840 (webtiles) character file.

32 inc the Scratcher (level 3, 15/15 HPs)
             Began as a Felid Chaos Knight on June 22, 2018.
             Quit the game on level 2 of the Dungeon.
             The game lasted 00:02:14 (1669 turns).

inc the Scratcher (Felid Chaos Knight)              Turns: 1669, Time: 00:02:14

Health: 15/15      AC:  1    Str:  8    XL:     3   Next: 10%
Magic:  4/4        EV: 18    Int: 14    God:    Xom [......]
Gold:   97         SH:  0    Dex: 15    Spells: 2/2 levels left
                                        Lives:  0   Deaths: 1

rFire    . . .     SeeInvis +     - Unarmed
rCold    . . .     Gourm    .   (shield unavailable)
rNeg     . . .     Faith    .   (armour unavailable)
rPois    .         Spirit   .   (helmet unavailable)
rElec    .         Reflect  .   (cloak unavailable)
rCorr    .         Harm     .   (gloves unavailable)
MR       .....     Rnd*Rage +   (boots unavailable)
Stlth    ++........             (no amulet)
HPRegen  0.05/turn              (no ring)
MPRegen  0.09/turn              (no ring)

@: quick
A: very small, no armour, no weapons or thrown items, stealth, claws 1, fangs 3,
see invisible, berserk 1, carnivore, deterioration 1, speed 1, frail 1, shaggy
fur 1, slow metabolism 1, subdued magic 1, sharp paws
a: Renounce Religion


You were on level 2 of the Dungeon.
You worshipped Xom.
You were a very special plaything of Xom.
You were not hungry.

You visited 1 branch of the dungeon, and saw 2 of its levels.

You collected 97 gold pieces.

Inventory:

Scrolls
 b - a scroll of remove curse {unknown}
 g - 2 scrolls of identify {unknown}
 h - 2 scrolls of enchant armour {unknown}
 i - a scroll of immolation {unknown}
Potions
 c - a potion of brilliance {unknown}
 d - a potion of mutation {unknown}
 e - 2 potions of heal wounds {unknown}
 f - a potion of degeneration {unknown}
 j - a potion of flight {unknown}
Comestibles
 a - a ration


   Skills:
 - Level 3.0 Fighting
 - Level 3.2 Dodging
 + Level 5.0 Unarmed Combat


You had 2 spell levels left.
You didn't know any spells.
Your spell library was empty.

Dungeon Overview and Level Annotations

Branches:
Dungeon (2/15)

Altars:
Xom


Innate Abilities, Weirdness & Mutations

You cannot wear armour.
You are incapable of wielding weapons or throwing items.
Your paws allow you to move quietly. (Stealth)
You have sharp claws.
You have razor-sharp teeth.
You have supernaturally acute eyesight. (SInv)
You are carnivorous and can eat meat at any time.
You cover ground quickly.
You are covered in fur. (AC +1)
You have a slow metabolism.
Your sharp claws are effective at attacking unaware monsters.
You tend to lose your temper in combat.
Your body sometimes deteriorates upon taking damage.
You are frail. (-10% HP)
Your spells are a little easier to cast, but a little less powerful.


Message History

Your body deteriorates!
You feel clumsy.
You scratch the goblin.
You kill the goblin!
You claw the jackal!
You kill the jackal!
Items here: ) †††† a club; a goblin corpse; a leopard gecko corpse; a jackal corpse x2
You barely miss the worm. The worm bites you!
You die...
You are now level 3!
Xom is highly amused!
You rejoin the land of the living...
Unknown command.
Are you sure you want to abandon this character and quit the game? (Confirm with "yes".)
Okay, then.
Are you sure you want to abandon this character and quit the game? (Confirm with "yes".)
Okay, then.
Unknown command.
Unknown command.
Are you sure you want to abandon this character and quit the game? (Confirm with "yes".)

# #.# #.#####...# #
#.# #.........# #
#.# #######..### #
#.###########....# #
#........).##.##.#
###..#######.##.##.#
.##..### #.##.##.#
.......#####.##.##.#
.##..#..........@..#
###..###.###.#######
# #..# # #.# # #..#
#.# # #(.# #.# #..#
#.# ... ..# ##


There were no monsters in sight!

Vanquished Creatures
  2 adders (D:2)
  2 worms (D:2)
  A dart slug (D:1)
  2 leopard geckos (D:2)
  A ball python (D:2)
  3 giant cockroaches
  6 goblins
  8 hobgoblins
  3 jackals (D:2)
  3 kobolds (D:1)
  4 bats (D:1)
  3 frilled lizards
  7 rats
45 creatures vanquished.

Notes
Turn   | Place    | Note
-------+----------+-------------------------------------------
     0 | D:1      | inc the Felid Chaos Knight began the quest for the Orb.
     0 | D:1      | Reached XP level 1. HP: 10/10 MP: 2/2
   269 | D:1      | Reached XP level 2. HP: 13/14 MP: 3/3
   602 | D:1      | XOM: scenery: create altars
   607 | D:1      | Reached skill level 4 in Unarmed Combat
   828 | D:1      | XOM: give mutations
   828 | D:1      | Gained mutation: Your spells are a little easier to cast, but a little less powerful. [Xom's mischief]
   978 | D:2      | Reached XP level 3. HP: 17/17 MP: 4/4
   999 | D:2      | XOM: butterfly on damage
  1418 | D:2      | XOM: 4-stop teleportation journey
  1456 | D:2      | XOM: give mutations
  1456 | D:2      | Gained mutation: You possess an exceptional clarity of mind. [Xom's mischief]
  1456 | D:2      | Gained mutation: You are frail. (-10% HP) [Xom's mischief]
  1456 | D:2      | Lost mutation: You possess an exceptional clarity of mind. [Xom's mischief]
  1498 | D:2      | XOM: give mutations
  1498 | D:2      | Gained mutation: Your body sometimes deteriorates upon taking damage. [Xom's mischief]
  1498 | D:2      | Gained mutation: You tend to lose your temper in combat. [Xom's mischief]
  1498 | D:2      | Gained mutation: You are clumsy. (Dex -2) [Xom's mischief]
  1498 | D:2      | Lost mutation: You are clumsy. (Dex -2) [Xom's mischief]
  1648 | D:2      | Reached XP level 4. HP: 13/18 MP: 5/5
  1662 | D:2      | Reached skill level 5 in Unarmed Combat
  1668 | D:2      | Slain by a worm
  1669 | D:2      | Reached XP level 3. HP: -5/15 MP: 4/4
  1669 | D:2      | Quit the game

Vault maps used:
D:1:      dpeg_arrival_tiny_a

Skill      XL: |  1  2  3  4 |
---------------+-------------+-----
Unarmed Combat | 4 5 |  5.0
Fighting       | |  3.0
Dodging        | |  3.2

Action                   |  1- 3 |  4- 6 || total
-------------------------+-------+-------++-------
Melee: Unarmed           |    95 |    13 ||   108
       Bite              |     5 |     1 ||     6
       Punch             |     2 |       ||     2
 Stab: Sleeping          |     4 |       ||     4
  Eat: Chunk             |     4 |       ||     4
Armor: Skin              |     4 |       ||     4
Dodge: Dodged            |    65 |    10 ||    75

Table legend:
 A = Spawn XP
 B = Non-spawn XP
 C = Spawn XP percentage of total XP
 D = Spawn monster count
 E = Non-spawn monster count
 F = Spawn count percentage of total count
 G = Total turns spent on level
                    A         B        C        D         E        F      G
               +---------+---------+-------+---------+---------+-------+---------
         Total |       0 |     109 |   0.0 |       0 |      45 |   0.0 |  1669
               +---------+---------+-------+---------+---------+-------+---------
           D:1 |       0 |      37 |   0.0 |       0 |      22 |   0.0 |   933
           D:2 |       0 |      72 |   0.0 |       0 |      23 |   0.0 |   736
               +---------+---------+-------+---------+---------+-------+---------
